 Dungeon Crawl Stone Soup version 0.18.1-5-g4a78601 (webtiles) character file.

13736 Scarto the Protected (level 11, -1/104 HPs)
             Began as a Deep Dwarf Fighter on May 10, 2016.
             Was the Champion of Okawaru.
             Incinerated by a mottled dragon (9 damage)
             ... with a sticky flame
             ... on level 12 of the Dungeon.
             The game lasted 00:31:36 (10872 turns).

Scarto the Protected (Deep Dwarf Fighter)          Turns: 10872, Time: 00:31:37

Health: -1/104     AC: 24    Str: 23    XL:     11   Next: 79%
Magic:  0/4        EV:  8    Int:  9    God:    Okawaru [******]
Gold:   691        SH: 14    Dex: 12    Spells: 0 memorised, 10 levels left

rFire  x . .     SeeInvis +     b - +3 mace (protect)
rCold  + + .     Gourm    .     h - +0 ice dragon armour
rNeg   + . .     Faith    .     w - +2 shield
rPois  .         Spirit   +     M - +2 hat of the Bear Spirit {Spirit, +Rage rN+ MR++}
rElec  .         Dismiss  .     f - +0 cloak
rCorr  .         Reflect  .     (no gloves)
SustAt .         Harm     .     (no boots)
MR     +++..                    (no amulet)
Stlth  ..........               I - +3 ring of protection
                                u - ring of see invisible

@: liquid flames, non-regenerating, glowing, extremely resistant to hostile
enchantments, extremely unstealthy
A: damage resistance, recharge devices, horns 1, blink, blurry vision 1, sense
surroundings 2, slow regeneration 3
a: Device Recharging, Blink, Heroism, Finesse, Renounce Religion, Evoke Berserk
Rage


You were on level 12 of the Dungeon.
You worshipped Okawaru.
Okawaru was exalted by your worship.
You were not hungry.

You visited 1 branch of the dungeon, and saw 12 of its levels.

You collected 691 gold pieces.

Inventory:

Hand Weapons
 a - a +2 war axe
 b - a +3 mace of protection (weapon)
Missiles
 j - 8 needles of paralysis
 k - 5 tomahawks (quivered)
 A - 5 poisoned javelins
 H - 34 bolts
 N - 36 poisoned needles
 R - 5 javelins
Armour
 f - a +0 cloak (worn)
 h - a +0 ice dragon armour (worn)
 w - a +2 shield (worn)
 y - a +2 helmet of see invisible
 M - the +2 hat of the Bear Spirit (worn) {Spirit, +Rage rN+ MR++}
   (You found it on level 10 of the Dungeon)

   It protects you from negative energy.
   It affects your resistance to hostile enchantments.
   It lets you go berserk.
Jewellery
 p - a cursed ring of teleportation
 u - a ring of see invisible (left hand)
 I - a +3 ring of protection (right hand)
 P - an uncursed ring of ice
Wands
 e - a wand of heal wounds (0/9)
 x - a wand of slowing (5/48)
 B - a wand of confusion (32/48)
 G - a wand of enslavement (10/24)
 L - a wand of hasting (3/9)
 T - a wand of flame (26/48)
Scrolls
 i - a scroll of enchant weapon
 q - 3 scrolls of identify
 s - 9 scrolls of remove curse
 t - 3 scrolls of blinking
 z - 3 scrolls of teleportation
 D - a scroll of magic mapping
 E - a scroll of acquirement {unknown}
 O - a scroll of fog {unknown}
Potions
 c - a potion of brilliance
 d - 2 potions of might
 g - 2 potions of cancellation
 m - 6 potions of lignification
 o - a potion of magic
 v - 3 potions of flight
 C - a potion of haste
 J - 4 potions of agility
Books
 Q - a book of Callings

   Spells                             Type                      Level
   a - Summon Small Mammal            Summoning                    1
   b - Call Imp                       Summoning                    2
   c - Call Canine Familiar           Summoning                    3
   d - Summon Guardian Golem          Hexes/Summoning              3
   e - Summon Lightning Spire         Summoning/Air                4
   f - Summon Ice Beast               Ice/Summoning                4
Comestibles
 l - 8 chunks of flesh
 n - 4 fruits
 r - 4 meat rations
 F - a bread ration
 K - 8 slices of pizza
 S - a beef jerky


   Skills:
 + Level 8.6 Fighting
 + Level 9.9(11.2) Axes
 + Level 7.9(9.8) Maces & Flails
 + Level 10.2 Armour
 + Level 10.1 Shields


You had 10 spell levels left.
You didn't know any spells.

Dungeon Overview and Level Annotations

Branches:
Dungeon (12/15)            Temple (0/1) D:7            Lair (0/8) D:10
    Orc: D:9-12

Altars:
Ashenzari
Cheibriados
Fedhas
Kikubaaqudgha
Makhleb
Nemelex Xobeh
Okawaru
Ru
Sif Muna
Trog
Xom
Yredelemnul
Zin
The Shining One

Shops:
D:5 (   D:8 }   D:9 [   D:10 =

Annotations:
D:3 exclusion: oklob plant


Innate Abilities, Weirdness & Mutations

You are resistant to damage.
You can recharge devices by infusing magical energy.
You passively map the area around you.
You do not regenerate naturally.
You have a pair of small horns on your head.
You can translocate small distances at will.
Scrolls take you a little longer to read.


Message History

The mottled dragon claws you but does no damage.
You hit the mottled dragon.
The mottled dragon is severely wounded.
You are covered in liquid flames!
The mottled dragon breathes sticky fire at you.
The sticky flame hits you!
You are covered in liquid flames!
Unknown command.
You hit the mottled dragon but do no damage.
Your headbutt misses the mottled dragon.
The mottled dragon is severely wounded.
You are covered in liquid flames!
* * * LOW HITPOINT WARNING * * *
The eye of draining gazes at you. You block the mottled dragon's attack.
The mottled dragon claws you but does no damage.
Your shield and ice dragon armour prevent you from hitting the mottled dragon.
The mottled dragon is severely wounded.
You are covered in liquid flames!
You die...

.....#...##.......).#
,*,,,,
.....###.[[.........#
, #'####
####.........#* , *
#..# ###'####### * ,
##.# #.### * * #.#
#...## * ,* #.#
###..# ** * ##'###
##.# * .....# #@# * *
..<..# #....GD.# ,
.....# * #.......# ,
, .....# ..........#*
* * .....# ,
###........ ,
.....+,, #.......#.
.....#*
#.......#.#****,,,
.....# ######=## ., ,
.....# *


You could see an eye of draining and a mottled dragon.

Vanquished Creatures
  Josephine (D:10)
  Erolcha (D:9)
  Urug (D:11)
  The ghost of no0bjke the Protected, a novice GrBe of Trog (D:9)
  Nergalle (D:11)
  An unseen horror (D:10)
  A hill giant (D:11)
  2 ugly things (D:11)
  A centaur zombie (D:10)
  Maurice (D:11)
  Psyche (D:9)
  A centaur skeleton (D:12)
  4 trolls
  Grinder (D:6)
  Prince Ribbit (D:8)
  4 wraiths
  4 yaks (D:11)
  A human (D:7)
  A hungry ghost (D:9)
  The ghost of Bubs the Shield-Bearer, an amateur FoFi (D:3)
  A hippogriff (D:11)
  Grum (D:9)
  3 ice beasts
  2 orc warriors
  A wasp (D:7)
  A phantom (D:6)
  3 sky beasts
  A necrophage (D:9)
  4 ogres
  4 wolves
  2 centaurs
  A big kobold (D:7)
  3 giant frogs
  4 killer bees (D:8)
  3 scorpions
  11 wights
  An electric eel (D:10)
  2 giant frog zombies
  4 jellies
  A quasit (D:10)
  5 crimson imps
  5 orc priests
  8 orc wizards
  8 hounds
  4 iguanas
  3 worker ants
  Ijyb (D:2)
  4 sheep (D:7)
  2 hound skeletons
  11 adders
  3 gnolls (D:6)
  3 shadow imps
  2 oozes
  5 worms
  2 dart slugs (D:2)
  5 giant geckos
  43 orcs
  2 ball pythons
  4 bats
  7 giant cockroaches
  3 hobgoblins
  4 jackals
  7 quokkas
  4 giant newts
  10 goblins
  A jackal skeleton (D:5)
  10 kobolds
  3 rats
252 creatures vanquished.

Vanquished Creatures (others)
  A jackal (D:10)
1 creature vanquished.

Grand Total: 253 creatures vanquished

Notes
Turn   | Place    | Note
--------------------------------------------------------------
     0 | D:1      | Scarto the Deep Dwarf Fighter began the quest for the Orb.
     0 | D:1      | Reached XP level 1. HP: 20/20 MP: 1/1
   503 | D:1      | Reached XP level 2. HP: 25/27 MP: 2/2
   998 | D:2      | Found a faded altar to an unknown god.
  1016 | D:2      | Found a bloodstained altar of Trog.
  1020 | D:2      | Reached XP level 3. HP: 27/34 MP: 3/3
  1025 | D:2      | Found an ancient bone altar of Kikubaaqudgha.
  1264 | D:2      | Noticed Ijyb
  1298 | D:2      | Killed Ijyb
  1298 | D:2      | Reached XP level 4. HP: 39/42 MP: 4/4
  1665 | D:3      | Found a sparkling altar of Nemelex Xobeh.
  1786 | D:3      | Noticed Bubs's ghost (amateur FoFi)
  1794 | D:3      | Killed Bubs's ghost
  1794 | D:3      | Reached XP level 5. HP: 37/50 MP: 5/5
  1864 | D:3      | Found a shattered altar of Ashenzari.
  1864 | D:3      | Found a deep blue altar of Sif Muna.
  1927 | D:3      | Reached XP level 6. HP: 43/57 MP: 6/6
  1976 | D:3      | Found a glowing silver altar of Zin.
  2403 | D:3      | Found a blossoming altar of Fedhas.
  2425 | D:3      | Noticed an oklob plant
  2491 | D:4      | Reached skill level 5 in Armour
  2491 | D:4      | Reached skill level 5 in Shields
  2793 | D:4      | Reached XP level 7. HP: 14/64 MP: 7/7
  3368 | D:4      | Reached skill level 1 in Maces & Flails
  3626 | D:5      | Entered Level 5 of the Dungeon
  3942 | D:5      | Found Aleteh's Weapon Boutique.
  4092 | D:5      | Reached skill level 5 in Axes
  4165 | D:5      | You fall through a shaft!
  4165 | D:6      | Found a snail-covered altar of Cheibriados.
  4201 | D:6      | Reached XP level 8. HP: 62/73 MP: 8/8
  4213 | D:6      | Reached skill level 5 in Fighting
  4232 | D:6      | Found a sacrificial altar of Ru.
  4503 | D:6      | Found an iron altar of Okawaru.
  4513 | D:6      | Became a worshipper of Warmaster Okawaru
  4711 | D:6      | Noticed Grinder
  4717 | D:6      | Paralysed by Grinder for 2 turns
  4729 | D:6      | Killed Grinder
  5075 | D:6      | Found a shimmering altar of Xom.
  5336 | D:7      | Found a staircase to the Ecumenical Temple.
  5891 | D:7      | Gained mutation: You passively map the area around you. [Deep Dwarf growth]
  5891 | D:7      | Reached XP level 9. HP: 59/82 MP: 8/8
  5986 | D:7      | Paralysed by a wasp for 1 turns
  5999 | D:7      | Reached * piety under Okawaru
  6629 | D:8      | Noticed Prince Ribbit
  6666 | D:8      | Killed Prince Ribbit
  6744 | D:8      | Got a ripped robe
  6745 | D:8      | Identified the +1 robe of the Three Suns {rF+ MR+ MP+9 Str-3} (You found it on level 8 of the Dungeon)
  6845 | D:8      | Found a burning altar of Makhleb.
  6845 | D:8      | Noticed a blizzard demon
  6922 | D:8      | Reached ** piety under Okawaru
  6959 | D:8      | Found Fiuckerr's Quality Used Wands.
  7108 | D:8      | Found a basalt altar of Yredelemnul.
  7302 | D:9      | Reached skill level 5 in Maces & Flails
  7341 | D:9      | Noticed Erolcha
  7370 | D:9      | Killed Erolcha
  7370 | D:9      | Reached XP level 10. HP: 44/92 MP: 7/7
  7897 | D:9      | Noticed no0bjke's ghost (novice GrBe)
  7998 | D:9      | Killed no0bjke's ghost
  7998 | D:9      | Reached *** piety under Okawaru
  8220 | D:9      | Noticed Psyche
  8236 | D:9      | Killed Psyche
  8262 | D:9      | Noticed Grum
  8279 | D:9      | Killed Grum
  8428 | D:9      | Found a glowing golden altar of the Shining One.
  8459 | D:9      | Reached **** piety under Okawaru
  8662 | D:9      | Found Ganoemn's Armour Shop.
  8784 | D:10     | Entered Level 10 of the Dungeon
  8784 | D:10     | Noticed an unseen horror
  8850 | D:10     | Killed an unseen horror
  8856 | D:10     | Noticed Josephine
  8892 | D:10     | Killed Josephine
  8933 | D:10     | Reached XP level 11. HP: 42/102 MP: 6/6
  9043 | D:10     | Found Gozyif's Jewellery Shoppe.
  9497 | D:10     | Found a staircase to the Lair.
  9721 | D:10     | Received a gift from Okawaru
  9721 | D:10     | Reached ***** piety under Okawaru
  9906 | D:11     | Noticed a hill giant
  9931 | D:11     | Killed a hill giant
 10193 | D:11     | Gained mutation: You have a pair of small horns on your head. [mutagenic meat]
 10194 | D:11     | Gained mutation: You can translocate small distances at will. [mutagenic meat]
 10195 | D:11     | Gained mutation: Scrolls take you a little longer to read. [mutagenic meat]
 10232 | D:11     | Noticed a green ugly thing
 10237 | D:11     | Noticed Urug
 10245 | D:11     | Killed a green ugly thing
 10278 | D:11     | Killed Urug
 10393 | D:11     | Noticed Maurice
 10395 | D:11     | Noticed Nergalle
 10445 | D:11     | Killed Nergalle
 10445 | D:11     | Reached skill level 10 in Armour
 10497 | D:11     | Killed Maurice
 10571 | D:11     | Noticed a cyan ugly thing
 10592 | D:11     | Killed a cyan ugly thing
 10592 | D:11     | Reached ****** piety under Okawaru
 10592 | D:11     | Reached skill level 10 in Shields
 10872 | D:12     | Incinerated by a mottled dragon

Skill      XL: |  1  2  3  4  5  6  7  8  9 10 11 |
---------------+----------------------------------+-----
Fighting       | 3 4 5 6 7 8 |  8.6
Axes           | 3 4 5 6 7 8 9 |  9.9
Armour         | 4 5 6 8 9 10 | 10.2
Shields        | 4 5 6 7 9 10 | 10.1
Maces & Flails | 2 3 5 6 7 |  7.9

Action                   |  1- 3 |  4- 6 |  7- 9 | 10-12 || total
-------------------------+-------+-------+-------+-------++-------
Melee: War axe           |   142 |   125 |     3 |       ||   270
       Mace              |       |       |   549 |   838 ||  1387
       Headbutt          |       |       |       |    53 ||    53
Invok: Heroism           |       |       |       |     2 ||     2
 Abil: Device Recharging |       |       |     3 |     4 ||     7
Evoke: Wand              |     1 |     2 |    15 |    23 ||    41
  Use: Scroll            |       |     2 |    10 |     3 ||    15
       Potion            |       |     1 |     8 |    11 ||    20
 Stab: Invisible         |       |       |     2 |       ||     2
  Eat: Bread ration      |       |     2 |     3 |       ||     5
       Chunk             |       |     1 |     1 |     4 ||     6
       Fruit             |       |       |     3 |       ||     3
       Meat ration       |       |       |     1 |     1 ||     2
       Royal jelly       |       |       |     1 |       ||     1
       Pizza             |       |       |     1 |       ||     1
       Beef jerky        |       |       |       |     4 ||     4
Armor: Ice dragon armour |    80 |    61 |   377 |   629 ||  1147
       Skin              |       |       |     1 |       ||     1
Dodge: Dodged            |    29 |    34 |   174 |   366 ||   603
Block: Shield            |    80 |    72 |   396 |   833 ||  1381
